 Dungeon Crawl Stone Soup version 0.31-a0-267-g3fc6992b3b (webtiles) character file.

Game seed: 2257042100833747942

521 qw the Shooter (level 7, -9/42 HPs)
             Began as a Gargoyle Hexslinger on July 13, 2023.
             Was an Initiate of Okawaru.
             Mangled by a yak (11 damage)
             ... on level 9 of the Dungeon.
             The game lasted 00:01:42 (3396 turns).

qw the Shooter (Gargoyle Hexslinger)                Turns: 3396, Time: 00:01:42

Health: -9/42      AC: 13    Str: 11 (12) XL:     7   Next: 21%
Magic:  8/8        EV: 10    Int: 13      God:    Okawaru [......]
Gold:   174        SH:  0    Dex: 14      Spells: 7/8 levels left

rFire   + . .        m - +0 shortbow
rCold   . . .        (shield currently unavailable)
rNeg    + . .        b - +0 ring mail
rPois   inf          c - +0 helmet
rElec   +            (no cloak)
rCorr   .            h - +0 pair of gloves
SInv    .            e - +0 pair of boots
Will    .....        i - amulet of regeneration
Stlth   +            l - ring of protection from fire
HPRegen 1.07/turn    (no ring)
MPRegen 0.11/turn

%: no passive effects
@: no status effects
A: sickness immunity, AC +4, negative energy resistance 1, electricity
resistance, torment resistance 1, petrification resistance
a: Renounce Religion


You were on level 9 of the Dungeon.
You worshipped Okawaru.
Okawaru was noncommittal.
You visited 2 branches of the dungeon, and saw 8 of its levels.

You collected 174 gold pieces.


Innate Abilities, Weirdness & Mutations

You are immune to sickness and miasma.
Your stone body is resilient. (AC +4)
You are immune to poison.
You resist negative energy. (rN+)
You are resistant to electric shocks. (rElec)
You are resistant to unholy torment.
You are immune to petrification.


   Skills:
 + Level 3.9 Fighting
 - Level 6.0 Ranged Weapons
 - Level 2.9 Armour
 - Level 1.5 Dodging
 - Level 1.0 Spellcasting
 - Level 2.6 Hexes


You had 7 spell levels left.
You knew the following spells:

 Your Spells              Type           Power      Damage    Failure   Level
a - Slow                  Hex            28%        N/A       22%         1

Your spell library contained the following spells:

 Spells                   Type           Power      Damage    Failure   Level
 Inner Flame              Hex/Fire       4%         N/A       73%         3
 Portal Projectile        Hex/Tloc       8%         N/A       73%         3
 Cause Fear               Hex            3%         N/A       91%         4

Inventory:

Hand Weapons
 m - a +0 shortbow (weapon)
Armour
 b - a +0 ring mail (worn)
 c - a +0 helmet (worn)
 e - a +0 pair of boots (worn)
 h - a +0 pair of gloves (worn)
Jewellery
 i - an amulet of regeneration (around neck)
 l - a ring of protection from fire (left hand)
Scrolls
 g - a scroll of identify
 j - a scroll of vulnerability {unknown}
Potions
 a - a potion of enlightenment
 d - a potion of mutation {unknown}
 f - a potion of curing
 k - a potion of brilliance {unknown}

Dungeon Overview and Level Annotations

Branches:
Dungeon (6/15)             Temple (1/1) D:5

Altars:
Ashenzari
Dithmenos
Elyvilon
Fedhas
Gozag
Hepliaklqana
Kikubaaqudgha
Okawaru
Qazlal
Sif Muna
Trog
Uskayaw
Vehumet
Wu Jian
Xom
Yredelemnul
The Shining One


Message History

Found a robe.
There is an open door here.
Enter note:
3377 ||| SWAPPING to +0 shortbow.
m - a +0 shortbow (weapon)
3378 ||| DROPPING +2 sling of draining.
You drop a +2 sling of draining.
A yak comes into view.
The yak bellows!
A yak comes into view.
You shoot an arrow. The arrow closely misses the yak.
The yak bellows!
You shoot an arrow. The arrow hits the yak.
The yak is lightly wounded.
A yak comes into view.
You shoot an arrow. The arrow closely misses the yak.
You shoot an arrow.
The arrow hits the yak but does no damage.
You shoot an arrow. The arrow hits the yak.
The yak is lightly wounded.
You shoot an arrow. The arrow closely misses the yak.
The yak gores you!
You shoot an arrow. The arrow hits the yak.
The yak is moderately wounded.
The yak gores you!
You shoot an arrow.
The arrow hits the yak but does no damage.
The yak is moderately wounded.
The yak gores you! The yak closely misses you.
You shoot an arrow. The arrow barely misses the yak.
The yak barely misses you. x2; The yak gores you but does no damage.
The yak gores you!
You shoot an arrow.
The arrow hits the yak but does no damage.
The yak is moderately wounded.
The yak gores you. x2
You shoot an arrow.
The arrow hits the yak but does no damage.
The yak is moderately wounded.
The yak gores you!
You die...

#..........#.#
#..........#.#
#..........#.# ...
#..........#.# ....
#..........#.# ..#
#..........#.#...#
#..........#.#...##
####..##.###YY.....
##..##.#.@Y#
#......+.#.#
#......#...#
..####)###...###+
...................
............[.....#
.##.................
#.................
#...........#.....


You could see 3 yaks.

Vanquished Creatures
  A black bear (D:5)
  A centaur (D:9)
  A jelly (D:5)
  A sleepcap (D:5)
  2 iguanas
  Robin (D:4)
  10 adders
  A shadow imp (D:5)
  An ufetubus (D:5)
  3 worms
  2 dart slugs
  3 orcs
  7 ball pythons
  5 endoplasms
  8 giant cockroaches
  18 goblins
  15 hobgoblins
  6 jackals
  8 quokkas
  6 bats
  3 frilled lizards (D:1)
  4 kobolds
  6 rats
113 creatures vanquished.

Notes
Turn   | Place    | Note
-------+----------+-------------------------------------------
     0 | D:1      | qw the Gargoyle Hexslinger began the quest for the Orb.
     0 | D:1      | Reached XP level 1. HP: 12/12 MP: 2/2
     0 | D:1      | 0 ||| qw: Version: 0.3-a-52-g30416fa
     0 | D:1      | 0 ||| qw: Game counter: 7696
     0 | D:1      | 0 ||| qw: Melee chars always use a shield: true
     0 | D:1      | 0 ||| qw: God list: Okawaru
     0 | D:1      | 0 ||| qw: Allow faded altars: false
     0 | D:1      | 0 ||| qw: Do Orc after clearing Dungeon:15 true
     0 | D:1      | 0 ||| qw: Do second Lair branch before Depths: true
     0 | D:1      | 0 ||| qw: Lair rune preference: random
     0 | D:1      | 0 ||| qw: Goals: Normal
     0 | D:1      | 0 ||| PLANNING D:1-11
   115 | D:1      | Reached XP level 2. HP: 16/16 MP: 3/3
   263 | D:1      | Reached skill level 3 in Ranged Weapons
   405 | D:1      | Reached XP level 3. HP: 21/21 MP: 4/4
   697 | D:1      | 697 ||| UPGRADING to amulet of regeneration.
   702 | D:1      | 702 ||| READING scroll labelled URE RADUOMI.
   703 | D:1      | 703 ||| READING 2 scrolls labelled FIJUSU TAMOU.
   704 | D:1      | 704 ||| READING scroll labelled VUEVOITE LUEKO.
   705 | D:1      | 705 ||| READING scroll labelled OPNYRU ZOPAMID.
   706 | D:1      | 706 ||| READING scroll labelled VEZ FIMIETHROFE.
   707 | D:1      | 707 ||| DRINKING 2 bubbling amethyst potions.
   710 | D:1      | 710 ||| DROPPING scroll of poison.
   711 | D:1      | 711 ||| DROPPING potion of ambrosia.
   850 | D:2      | Reached XP level 4. HP: 26/26 MP: 5/5
   861 | D:2      | Reached skill level 4 in Ranged Weapons
   891 | D:2      | 891 ||| READING scroll of brand weapon.
   891 | D:2      | 891 ||| BRANDING +1 sling of flaming.
  1332 | D:2      | 1332 ||| READING scroll labelled RADUGREFU.
  1333 | D:2      | 1333 ||| READING 3 scrolls labelled ZYESCH DUEPP.
  1334 | D:2      | 1334 ||| READING 2 scrolls of identify.
  1334 | D:2      | 1334 ||| IDENTIFYING green potion
  1335 | D:2      | 1335 ||| DROPPING 2 scrolls of blinking.
  1465 | D:3      | Reached XP level 5. HP: 30/30 MP: 6/6
  1508 | D:3      | Reached skill level 5 in Ranged Weapons
  1939 | D:3      | 1939 ||| UPGRADING to +0 ring mail.
  1949 | D:3      | 1949 ||| DROPPING +0 robe.
  1950 | D:3      | 1950 ||| UPGRADING to +1 hat.
  1955 | D:3      | 1955 ||| UPGRADING to ring of protection from fire.
  1956 | D:3      | 1956 ||| READING scroll labelled UKEOBO AXKURAM.
  1957 | D:3      | 1957 ||| READING scroll labelled LUSTRU SECHO.
  1958 | D:3      | 1958 ||| DRINKING 2 bubbling grey potions.
  1959 | D:3      | 1959 ||| READING 2 scrolls of identify.
  1959 | D:3      | 1959 ||| IDENTIFYING viscous amethyst potion
  1960 | D:3      | 1960 ||| DROPPING potion of invisibility.
  2035 | D:4      | Noticed Robin
  2042 | D:4      | Killed Robin
  2043 | D:4      | Reached skill level 1 in Armour
  2306 | D:4      | 2306 ||| UPGRADING to +0 helmet.
  2316 | D:4      | 2316 ||| UPGRADING to +0 helmet.
  2321 | D:4      | 2321 ||| DROPPING +1 hat.
  2325 | D:4      | 2325 ||| Stepping ~*~*~tactically~*~*~ (outnumbered).
  2330 | D:4      | Reached skill level 3 in Fighting
  2338 | D:4      | Reached XP level 6. HP: 22/37 MP: 7/7
  2637 | D:4      | 2637 ||| READING scroll labelled LAFERA FEL.
  2640 | D:4      | 2640 ||| DRINKING 2 black potions.
  2641 | D:4      | 2641 ||| DROPPING potion of degeneration.
  2656 | D:5      | Entered Level 5 of the Dungeon
  2659 | D:5      | Noticed a black bear
  2671 | D:5      | Killed a black bear
  2799 | D:5      | Reached skill level 6 in Ranged Weapons
  3058 | D:5      | Found a staircase to the Ecumenical Temple.
  3059 | D:5      | 3059 ||| PLANNING TEMPLE
  3059 | D:5      | 3059 ||| UPGRADING to +0 pair of boots.
  3064 | D:5      | 3064 ||| UPGRADING to +0 pair of gloves.
  3077 | Temple   | Entered the Ecumenical Temple
  3077 | Temple   | Found a transporter.
  3077 | Temple   | Found a transporter.
  3079 | Temple   | Found a transporter.
  3079 | Temple   | Found a transporter.
  3089 | Temple   | 3089 ||| PLANNING D:1-11
  3104 | Temple   | 3104 ||| PLANNING OKAWARU WORSHIP
  3108 | Temple   | Became a worshipper of Warmaster Okawaru
  3109 | Temple   | 3109 ||| PLANNING D:1-11
  3171 | D:5      | Reached XP level 7. HP: 42/42 MP: 8/8
  3270 | D:5      | 3270 ||| READING scroll labelled GOIPSO VIETZ.
  3321 | D:6      | You fall into a shaft and drop 3 floors!
  3377 | D:9      | 3377 ||| SWAPPING to +0 shortbow.
  3378 | D:9      | 3378 ||| DROPPING +2 sling of draining.
  3385 | D:9      | Noticed a yak
  3385 | D:9      | Noticed a yak
  3387 | D:9      | Noticed a yak
  3394 | D:9      | HP: 6/42 [yak (7)]
  3395 | D:9      | HP: 2/42 [yak (6)]
  3396 | D:9      | Mangled by a yak

Levels and vault maps discovered:
D:1:      matt_arrival_diagonals, layout_loops_ring
D:2:      layout_basic
D:3:      layout_loops_ring
D:4:      layout_loops_ring, minmay_checkerbox, uniq_robin
D:5:      layout_basic, temple_fountains
D:6:      layout_basic, uniq_sigmund
D:9:      layout_stronghold, minmay_overflow_temple_star_quad, serial_shops,
          nicolae_shop_tiny_waterfront, uniq_psyche
Temple:   hellmonk_temple_divided_pantheon

Skill      XL: |  1  2  3  4  5  6  7 |
---------------+----------------------+-----
Ranged Weapons | 3 4 5 6 |  6.0
Fighting       | 2 3 |  3.9
Armour         | 1 2 |  2.9
Dodging        | |  1.5
Spellcasting   | |  1.0
Hexes          | |  2.6

Action                     |  1- 3 |  4- 6 |  7- 9 || total
---------------------------+-------+-------+-------++-------
   Fire: Sling             |   118 |   252 |     5 ||   375
         Shortbow          |       |       |    11 ||    11
    Use: Scroll            |     5 |     8 |     1 ||    14
         Potion            |     1 |     2 |       ||     3
 Armour: Robe              |    12 |    17 |       ||    29
         Ring mail         |       |    54 |     4 ||    58
  Dodge: Dodged            |    29 |    96 |     5 ||   130

Table legend:
 A = Non-vault XP
 B = Vault XP
 C = Vault XP percentage of total XP
 D = Non-vault monster count
 E = Vault monster count
 F = Vault count percentage of total count
                 A         B        C        D         E       F
            +---------+---------+-------+---------+---------+-------
      Total |     666 |      79 |  10.6 |     101 |      12 |  10.6
            +---------+---------+-------+---------+---------+-------
        D:1 |      54 |       0 |   0.0 |      32 |       0 |   0.0
        D:2 |      88 |       0 |   0.0 |      25 |       0 |   0.0
        D:3 |      85 |       0 |   0.0 |      22 |       0 |   0.0
        D:4 |      29 |      79 |  73.1 |       8 |      12 |  60.0
        D:5 |     292 |       0 |   0.0 |      13 |       0 |   0.0
        D:9 |     118 |       0 |   0.0 |       1 |       0 |   0.0
            +---------+---------+-------+---------+---------+-------
